 Dungeon Crawl Stone Soup version 0.28-a0-628-g3c9886e45e (webtiles) character file.

Game seed: 14636793168318636456

234 bande the Covered (level 6, -7/38 HPs)
             Began as a Gargoyle Fighter on Oct 9, 2021.
             Killed by divine providence
             ... invoked by an orc priest
              (11 damage)
             ... on level 4 of the Dungeon.
             The game lasted 00:04:59 (3691 turns).

bande the Covered (Gargoyle Fighter)                Turns: 3691, Time: 00:04:59

Health: -7/38      AC: 17    Str: 20    XL:     6   Next: 5%
Magic:  6/6        EV:  6    Int:  9    God:
Gold:   146        SH:  4    Dex: 10    Spells: 5/5 levels left

rFire   . . .      SeeInvis .   a - +0 war axe
rCold   . . .      Faith    .   c - +0 buckler
rNeg    + . .      Spirit   .   j - +0 plate armour
rPois   ∞          Reflect  .   (no helmet)
rElec   +          Harm     .   r - +0 cloak
rCorr   .          Rampage  .   (no gloves)
Will    .....                   (no boots)
Stlth   ..........              (no amulet)
HPRegen 0.12/turn               (no ring)
MPRegen 0.10/turn               (no ring)

@: no status effects
A: sickness immunity, AC +4, negative energy resistance 1, electricity
resistance, torment resistance 1, petrification resistance
a: no special abilities


You were on level 4 of the Dungeon.
You visited 1 branch of the dungeon, and saw 4 of its levels.

You collected 146 gold pieces.

Inventory:

Hand Weapons
 a - a +0 war axe (weapon)
 n - a +0 flail
Missiles
 l - a throwing net (quivered)
Armour
 c - a +0 buckler (worn)
 j - a +0 plate armour (worn)
 r - a +0 cloak (worn)
 u - a +1 tower shield
Jewellery
 i - an amulet of magic regeneration
Potions
 b - a potion of heal wounds
 d - a potion of might
 k - a potion of curing {unknown}
 m - 2 potions of lignification
 o - a potion of attraction {unknown}
 q - a potion of brilliance {unknown}
 t - a potion of ambrosia {unknown}


   Skills:
 + Level 4.2 Fighting
 + Level 3.9 Axes
 + Level 4.5 Armour
 - Level 0.2 Stealth
 + Level 4.0 Shields


You had 5 spell levels left.
You didn't know any spells.
Your spell library contained the following spells:

 Spells                   Type           Power      Damage    Failure   Level
 Ozocubu's Armour         Ice            0%         N/A       100%        3
 Metabolic Englaciation   Hex/Ice        0%         N/A       100%        5
 Simulacrum               Ice/Necr       0%         N/A       100%        6


Dungeon Overview and Level Annotations

Branches:
Dungeon (4/15)
 Temple: D:4-7

Altars:


Innate Abilities, Weirdness & Mutations

You are immune to sickness and miasma.
Your stone body is resilient. (AC +4)
You are immune to poison.
You resist negative energy. (rN+)
You are resistant to electric shocks. (rElec)
You are resistant to unholy torment.
You are immune to petrification.


Message History

Your plate armour prevents you from hitting the orc.
The orc hits you but does no damage.
The orc priest mumbles some strange prayers to Beogh against you.
Beogh smites you! The orc hits you but does no damage. x2
The orc priest calls upon Beogh to heal the orc.
The orc's wounds heal themselves!
The orc barely misses you.
The orc priest calls down the wrath of Beogh upon you.
Pain shoots through your body!
You slash the orc priest!
The orc priest is almost dead.
You hit the orc. x3; The orc hits you but does no damage. x2
You block the orc priest's attack. The orc hits you but does no damage.
You barely miss the orc priest.
The orc priest is almost dead.
You slash the orc!
You kill the orc!
You slash the orc!
You kill the orc!
You barely miss the orc. The orc barely misses you.
The orc priest hits you but does no damage.
You closely miss the orc priest.
The orc priest is almost dead.
You closely miss the orc. You block the orc's attack.
The orc priest miscasts a cantrip.
You block the orc's attack.
Unknown command.
Your plate armour prevents you from hitting the orc priest.
The orc priest is almost dead.
You hit the orc.
You kill the orc!
The orc priest barely misses you.
The orc priest invokes the aid of Beogh against you.
Beogh smites you!
* * * LOW HITPOINT WARNING * * *
Your plate armour prevents you from hitting the orc priest.
The orc priest is almost dead.
The orc priest mumbles some strange prayers to Beogh against you.
Beogh smites you!
You die...

### #.### ##.#.#####
########........#
##)?#.#.#.........
#@)...#.#.##..##..
#..o)#...............
#.....##..............
#......#...##.........
.............###.......
.....>.....###.#........
#..........# ..........
##.......... .........
...... ......8.


You could see an orc priest.

Vanquished Creatures
  A water moccasin skeleton (D:4)
  Crazy Yiuf (D:2)
  5 adders
  2 river rats (D:3)
  An ufetubus (D:3)
  2 worms (D:3)
  4 dart slugs
  3 orcs (D:4)
  3 bats
  7 endoplasms
  3 giant cockroaches
  2 goblins (D:1)
  4 hobgoblins
  8 jackals
  10 kobolds
  2 quokkas
  6 ball pythons
  3 frilled lizards
  9 rats
76 creatures vanquished.

Notes
Turn   | Place    | Note
-------+----------+-------------------------------------------
     0 | D:1      | bande the Gargoyle Fighter began the quest for the Orb.
     0 | D:1      | Reached XP level 1. HP: 14/14 MP: 1/1
   240 | D:1      | Reached XP level 2. HP: 17/19 MP: 2/2
   690 | D:1      | Found a faded altar of an unknown god.
   897 | D:1      | Reached XP level 3. HP: 23/24 MP: 3/3
  1313 | D:2      | Reached XP level 4. HP: 21/29 MP: 4/4
  1567 | D:2      | Found a runed translucent door.
  1568 | D:2      | Noticed Crazy Yiuf
  1773 | D:2      | Killed Crazy Yiuf
  2232 | D:3      | Reached XP level 5. HP: 32/33 MP: 5/5
  3569 | D:4      | Reached XP level 6. HP: 31/38 MP: 6/6
  3691 | D:4      | Killed from afar by an orc priest

Illustrated notes

Levels and vault maps discovered:
D:1:      psy_arrival_radial01, layout_loops_ring,
          chequers_ecumenical_altar_island
D:2:      layout_basic, uniq_crazy_yiuf_cottage
D:3:      layout_basic, portal_sewer_entry_b, amcnicky_mini_pool_small,
          corexii_leaking_fountain
D:4:      layout_cave_pools, serial_column_ruins, column_ruins_circle_small,
          column_ruins_hut_ruined, column_ruins_grid_1, column_ruins_open_tiny,
          column_ruins_corridor_straight, hangedman_decor_points, uniq_grinder

Skill      XL: |  1  2  3  4  5 |
---------------+----------------+-----
Axes           | 2 3 |  3.9
Armour         | 4 |  4.5
Fighting       | 4 |  4.2
Shields        | 4 |  4.0
Stealth        | |  0.2

Action                   |  1- 3 |  4- 6 || total
-------------------------+-------+-------++-------
Melee: War axe           |   105 |   170 ||   275
  Use: Scroll            |       |     7 ||     7
 Stab: Invisible         |       |     2 ||     2
Armor: Scale mail        |    38 |       ||    38
       Plate armour      |    49 |   145 ||   194
Dodge: Dodged            |    53 |    77 ||   130
Block: Buckler           |    31 |    51 ||    82

Table legend: (Time is in decaauts)
 A = Elapsed time spent in this place.
 B = Non-inter-level travel time spent in this place.
 C = Inter-level travel time spent in this place.
 D = Time resting spent in this place.
 E = Time spent auto-exploring this place.
 F = Levels seen in this place.
 G = Mean time per level.
                   A        B        C        D        E       F      G
               +--------+--------+--------+--------+--------+-----+--------+
         Total |   3800 |   3657 |    143 |    328 |   2554 |   4 |  950.0 |
       Dungeon |   3800 |   3657 |    143 |    328 |   2554 |   4 |  950.0 |
               +--------+--------+--------+--------+--------+-----+--------+

Top non-repeatable levels by time:
     D:3: 1544 daAuts
     D:1: 1115 daAuts
     D:2: 986 daAuts
     D:4: 154 daAuts
